 Dungeon Crawl Stone Soup version 0.26-a0-652-gafc20e3620 (webtiles) character file.

Game seed: 15901211703438958170

96 marklar909 the Sneak (level 4, 0/40 HPs)
             Began as a Kobold Brigand on Oct 3, 2020.
             Slain by a jackal (1 damage)
             ... on level 2 of the Dungeon.
             The game lasted 00:02:33 (2014 turns).

marklar909 the Sneak (Kobold Brigand)               Turns: 2014, Time: 00:02:33

Health: 0/40       AC:  4    Str:  9    XL:     4   Next: 98%
Magic:  4/4        EV: 14    Int: 12    God:
Gold:   55         SH:  0    Dex: 16    Spells: 3/3 levels left

rFire    . . .     SeeInvis .   a - +2 dagger
rCold    . . .     Faith    .   (shield restricted)
rNeg     . . .     Spirit   .   f - +0 leather armour {rPois}
rPois    +         Reflect  .   (no helmet)
rElec    .         Harm     .   c - +0 cloak
rCorr    .         Rampage  .   (no gloves)
MR       .....                  (no boots)
Stlth    ..........             (no amulet)
HPRegen  0.13/turn              (no ring)
MPRegen  0.09/turn              (no ring)

@: berserking, very quick
A: small, nightstalker 3
a: no special abilities


You were on level 2 of the Dungeon.
You visited 1 branch of the dungeon, and saw 2 of its levels.

You collected 55 gold pieces.

Inventory:

Hand Weapons
 a - a +2 dagger (weapon)
Missiles
 e - 2 curare-tipped darts (quivered)
Armour
 c - a +0 cloak (worn)
 f - a +0 leather armour of poison resistance (worn)
Jewellery
 p - a +4 ring of slaying {unknown}
Scrolls
 b - a scroll of remove curse {unknown}
 i - 2 scrolls of identify
 j - a scroll of enchant armour {unknown}
 k - a scroll of enchant weapon {unknown}
 l - a scroll of fog {unknown}
 o - a scroll of immolation {unknown}
Potions
 h - a potion of stabbing {unknown}
 m - a potion of mutation
 q - 2 potions of brilliance {unknown}


   Skills:
 * Level 2.9 Fighting
 * Level 3.6 Short Blades
 + Level 2.3 Throwing
 * Level 0.9 Armour
 * Level 2.0 Dodging
 + Level 6.5 Stealth


You had 3 spell levels left.
You didn't know any spells.
Your spell library was empty.

Dungeon Overview and Level Annotations

Branches:
Dungeon (2/15)

Altars:

Annotations:
D:2 Natasha


Innate Abilities, Weirdness & Mutations

You are small and have problems with some larger weapons.
You are completely attuned to the shadows.


Message History

The jackal closely misses you.
Unknown command.
A red film seems to cover your vision as you go berserk!
You feel yourself moving faster!
You feel mighty! The jackal bites you.
* * * LOW HITPOINT WARNING * * *
A jackal comes into view.
The jackal misses you.
You barely miss the jackal.
The jackal is lightly wounded.
The jackal looks more healthy.
The jackal bites you.
* * * LOW HITPOINT WARNING * * *
Unknown command.
You hit the jackal but do no damage.
The jackal is lightly wounded.
A jackal comes into view.
You barely miss the jackal.
The jackal is lightly wounded.
The jackal barks!
The jackal bites you.
You die...

#........#.
#..........
##.......#.
#.......# S
#h#######
.l#######.#
..?..#...h#
#†#...h# ##
#.#(..@# ..
#((....#
#+#
########
...# ...#
...# ...#
...# ...#


You could see 3 jackals.

Vanquished Creatures
  A gnoll (D:1)
  4 adders (D:2)
  2 worms (D:2)
  A dart slug (D:2)
  A ball python (D:1)
  A bat (D:1)
  2 giant cockroaches (D:1)
  4 goblins (D:1)
  4 hobgoblins (D:1)
  11 jackals (D:1)
  2 kobolds
  3 frilled lizards
  4 rats
40 creatures vanquished.

Notes
Turn   | Place    | Note
-------+----------+-------------------------------------------
     0 | D:1      | marklar909 the Kobold Brigand began the quest for the Orb.
     0 | D:1      | Reached XP level 1. HP: 12/12 MP: 1/1
   175 | D:1      | Reached XP level 2. HP: 18/18 MP: 2/2
   270 | D:1      | Reached skill level 6 in Stealth
   320 | D:1      | Reached XP level 3. HP: 22/22 MP: 3/3
  1409 | D:2      | Reached XP level 4. HP: 27/27 MP: 4/4
  1806 | D:2      | Noticed Natasha
  1982 | D:2      | HP: 1/27 [adder (5)]
  2012 | D:2      | HP: 1/40 [jackal (2)]
  2014 | D:2      | Slain by a jackal

Illustrated notes

Levels and vault maps discovered:
D:1:      mushboom_english_gardens, layout_loops_corners
D:2:      layout_basic, uniq_natasha

Skill      XL: |  1  2  3  4 |
---------------+-------------+-----
Stealth        | 6 |  6.5
Short Blades   | 3 |  3.6
Dodging        | 2 |  2.0
Fighting       | |  2.9
Throwing       | |  2.3
Armour         | |  0.9

Action                   |  1- 3 |  4- 6 || total
-------------------------+-------+-------++-------
Melee: Dagger            |    88 |    66 ||   154
Throw: Dart              |       |     8 ||     8
  Use: Scroll            |     4 |       ||     4
       Potion            |       |     2 ||     2
 Stab: Sleeping          |    17 |     1 ||    18
Armor: Leather armour    |    21 |    18 ||    39
Dodge: Dodged            |    46 |    38 ||    84

Table legend: (Time is in decaauts)
 A = Elapsed time spent in this place.
 B = Non-inter-level travel time spent in this place.
 C = Inter-level travel time spent in this place.
 D = Time resting spent in this place.
 E = Time spent auto-exploring this place.
 F = Levels seen in this place.
 G = Mean time per level.
                   A        B        C        D        E       F      G
               +--------+--------+--------+--------+--------+-----+--------+
         Total |   1989 |   1935 |     54 |    286 |   1353 |   2 |  994.5 |
       Dungeon |   1989 |   1935 |     54 |    286 |   1353 |   2 |  994.5 |
               +--------+--------+--------+--------+--------+-----+--------+

Top non-repeatable levels by time:
     D:1: 1350 daAuts
     D:2: 639 daAuts
